 Dungeon Crawl Stone Soup version 0.18.1-8-gdd0e5ea (webtiles) character file.

19462 Ordine the Carver (level 12, -10/142 HPs)
             Began as an Octopode Fighter on May 22, 2016.
             Was an Elder of Dithmenos.
             Mangled by a molten gargoyle
             ... wielding a +0 mace
              (11 damage)
             ... in a volcano.
             The game lasted 01:13:05 (18452 turns).

Ordine the Carver (Octopode Fighter)               Turns: 18452, Time: 01:13:06

Health: -10/142    AC:  1    Str: 22    XL:     12   Next: 69%
Magic:  0/12       EV: 12    Int: 10    God:    Dithmenos [****..]
Gold:   444        SH: 12    Dex: 15    Spells: 0 memorised, 11 levels left

rFire  . . .     SeeInvis +     a - +0 long sword
rCold  . . .     Gourm    .     b - +1 shield
rNeg   . . .     Faith    .     (helmet restricted)
rPois  .         Spirit   +     k - amulet of guardian spirit
rElec  .         Dismiss  .     i - ring of see invisible
rCorr  .         Reflect  .     z - +5 ring of slaying
SustAt .         Harm     .     M - ring of protection from magic
MR     +....                    (no ring)
Stlth  ..........               (no ring)
                                (no ring)
                                (no ring)
                                (no ring)

@: berserking, wreathed by umbra, very quick, somewhat resistant to hostile
enchantments, extremely unstealthy
A: almost no armour, amphibious, 8 rings, constrict 8, camouflage 1, gelatinous
body 1
a: Shadow Step, Renounce Religion


You were in a volcano.
You worshipped Dithmenos.
Dithmenos was greatly pleased with you.
You were not hungry.

You visited 3 branches of the dungeon, and saw 14 of its levels.
You also visited: Volcano.

You collected 699 gold pieces.
You spent 255 gold pieces at shops.

Inventory:

Hand Weapons
 a - a +0 long sword (weapon)
 y - a +0 blowgun
Missiles
 x - 50 poisoned needles
 A - 5 poisoned tomahawks
 H - 21 stones
 I - 5 tomahawks (quivered)
 L - 2 needles of frenzy
 O - 7 needles of sleeping
Armour
 b - a +1 shield (worn)
Jewellery
 e - an uncursed amulet of rage
 i - a ring of see invisible (left tentacle)
 k - an amulet of guardian spirit (around mantle)
 v - an uncursed ring of ice
 z - a +5 ring of slaying (right tentacle)
 M - a ring of protection from magic (on tentacle)
Wands
 f - a wand of disintegration (20/24)
 s - a wand of confusion (13/48)
Scrolls
 j - 3 scrolls of magic mapping
 n - 6 scrolls of teleportation
 r - 5 scrolls of remove curse
 D - a scroll of recharging
 G - a scroll of fear
 J - 3 scrolls of enchant armour
Potions
 g - 2 potions of resistance
 h - 7 potions of curing
 l - 2 potions of flight
 m - a potion of agility
 q - a potion of cancellation
 t - a potion of brilliance
 u - a potion of mutation
 C - 2 potions of invisibility
 K - a potion of ambrosia
 P - a potion of lignification
Books
 E - a book of Misfortune

   Spells                             Type                      Level
   a - Confusing Touch                Hexes                        2
   b - Confuse                        Hexes                        3
   c - Gell's Gravitas                Hexes/Translocation          3
   d - Petrify                        Transmutation/Earth          4
   e - Metabolic Englaciation         Hexes/Ice                    5
   f - Yara's Violent Unravelling     Hexes/Transmutation          5
 F - a Fen Folio

   Spells                             Type                      Level
   a - Corpse Rot                     Necromancy                   2
   b - Stone Arrow                    Conjuration/Earth            3
   c - Leda's Liquefaction            Hexes/Earth                  4
   d - Summon Forest                  Summoning/Translocation      5
   e - Hydra Form                     Transmutation                6
   f - Summon Hydra                   Summoning                    7
Comestibles
 c - 15 royal jellies
 d - 9 bread rations
 o - 10 slices of pizza
 p - 5 meat rations


   Skills:
 + Level 13.7 Fighting
 - Level 14.0 Long Blades
 + Level 3.7 Dodging
 * Level 5.9 Shields


You had 11 spell levels left.
You didn't know any spells.

Dungeon Overview and Level Annotations

Branches:
Dungeon (11/15)            Temple (1/1) D:5            Lair (2/8) D:11
    Orc (0/2) D:10

Altars:
Ashenzari
Cheibriados
Dithmenos
Elyvilon
Fedhas
Gozag
Kikubaaqudgha
Makhleb
Nemelex Xobeh
Okawaru
Pakellas
Qazlal
Ru
Sif Muna
Trog
Vehumet
Xom
Yredelemnul
Zin
The Shining One

Shops:
D:10 *

Annotations:
D:7 1 runed door


Innate Abilities, Weirdness & Mutations

You cannot wear most types of armour.
You are amphibious.
You can wear up to eight rings at the same time.
You can use your tentacles to constrict eight enemies at once.
Your skin changes colour to match your surroundings (Stealth).
Your rubbery body absorbs attacks (AC +1).


Message History

The molten gargoyle blasts magma at you!
The bolt of magma hits you!
* * * LOW HITPOINT WARNING * * *
You continue eating. x2
You block the molten gargoyle's attack.
You finish eating.
That royal jelly was delicious!
Drink which item? (? for menu, Esc to quit)
A red film seems to cover your vision as you go berserk!
You feel yourself moving faster!
You feel mighty!
The molten gargoyle blasts magma at you!
The bolt of magma hits you!
* * * LOW HITPOINT WARNING * * *
Unknown command.
You are too berserk!
You are too berserk!
You hit the molten gargoyle but do no damage.
You grab the molten gargoyle.
You constrict the molten gargoyle, but do no damage.
The molten gargoyle hits you with a mace!
You die...

# .# ..#
#.# #.#
##99# #@#
#+###
##..####
##≈≈...##
#≈≈≈≈...##
##k.≈≈≈≈.#
#≈.≈≈≈≈.#
##≈≈≈≈..##
#≈≈≈..###


You could see a molten gargoyle and a gargoyle.

Vanquished Creatures
  Erolcha (D:10)
  Nergalle (D:10)
  2 unseen horrors (D:11)
  4 hill giants
  An ugly thing (D:11)
  A black mamba (Lair:1)
  2 gargoyles (Volcano)
  4 spiny frogs
  A queen bee (D:9)
  A troll (D:11)
  5 blink frogs (Lair:1)
  13 yaks
  A human (D:9)
  A wraith (D:10)
  2 wyverns
  2 fire elementals (Volcano)
  Grum (D:9)
  5 hippogriffs
  Edmund (D:6)
  Duvessa (D:6)
  5 water moccasins
  A porcupine (Lair:1)
  2 orc warriors
  An eye of draining (D:11)
  An ice beast (D:6)
  A black bear (D:9)
  4 sky beasts
  An ogre (D:5)
  2 phantoms
  2 necrophages
  A wasp (D:11)
  4 wolves
  5 centaurs
  A crocodile (D:11)
  3 big kobolds
  8 giant frogs
  A gnoll sergeant (D:10)
  Dowan (D:6)
  A wyvern skeleton (D:10)
  3 scorpions
  35 killer bees
  9 wights
  5 howler monkeys
  6 crimson imps
  3 jellies
  2 quasits
  4 giant frog zombies
  5 hounds
  A centaur skeleton (D:4)
  A centaur zombie (D:9)
  5 orc priests
  16 orc wizards
  A giant frog skeleton (D:7)
  5 iguanas
  12 worker ants
  2 hound zombies
  A hound skeleton (D:9)
  15 adders
  3 gnolls (D:7)
  A howler monkey skeleton (D:11)
  2 shadow imps
  3 oozes
  2 worms
  2 dart slugs (D:1)
  7 giant geckos
  39 orcs
  8 bats
  9 giant cockroaches
  7 goblins
  7 hobgoblins
  11 jackals
  5 quokkas
  5 ball pythons
  2 giant cockroach zombies (D:6)
  A giant newt (D:2)
  20 kobolds
  A quokka zombie (D:8)
  8 rats
369 creatures vanquished.

Vanquished Creatures (others)
  A fire vortex (Volcano)
  A fungus (Lair:1)
2 creatures vanquished.

Grand Total: 371 creatures vanquished

Notes
Turn   | Place    | Note
--------------------------------------------------------------
     0 | D:1      | Ordine the Octopode Fighter began the quest for the Orb.
     0 | D:1      | Reached XP level 1. HP: 16/16 MP: 1/1
   140 | D:1      | Reached XP level 2. HP: 13/21 MP: 2/2
   722 | D:1      | Reached XP level 3. HP: 26/26 MP: 3/3
   976 | D:1      | Reached skill level 3 in Long Blades
  1133 | D:2      | Reached XP level 4. HP: 21/31 MP: 4/4
  2379 | D:3      | Found a sacrificial altar of Ru.
  2619 | D:3      | Found a sacrificial altar of Ru.
  2621 | D:3      | Found a shattered altar of Ashenzari.
  2681 | D:3      | Reached skill level 4 in Long Blades
  2681 | D:3      | Reached XP level 5. HP: 30/36 MP: 5/5
  3100 | D:4      | Found an iron altar of Okawaru.
  3421 | D:4      | Reached XP level 6. HP: 43/43 MP: 6/6
  3452 | D:4      | Noticed a phantom
  3497 | D:4      | Killed a phantom
  3497 | D:4      | Reached skill level 5 in Long Blades
  3835 | D:4      | Reached XP level 7. HP: 27/49 MP: 7/7
  4059 | D:5      | Entered Level 5 of the Dungeon
  4059 | D:5      | Found a shimmering altar of Xom.
  4072 | D:5      | Found a blossoming altar of Fedhas.
  4841 | D:5      | Reached skill level 5 in Shields
  5139 | D:5      | Reached skill level 6 in Long Blades
  5153 | D:5      | Reached skill level 5 in Fighting
  5594 | D:5      | Reached XP level 8. HP: 11/56 MP: 8/8
  5885 | D:5      | Found a staircase to the Ecumenical Temple.
  5894 | Temple   | Entered the Ecumenical Temple
  5989 | Temple   | Became a worshipper of Dithmenos the Shadowed
  6324 | D:6      | Reached skill level 7 in Long Blades
  6448 | D:6      | Noticed Dowan
  6451 | D:6      | Noticed Duvessa
  6480 | D:6      | Killed Duvessa
  6483 | D:6      | Killed Dowan
  6952 | D:6      | Noticed Edmund
  6963 | D:6      | Killed Edmund
  7469 | D:6      | Reached skill level 8 in Long Blades
  7662 | D:6      | Reached * piety under Dithmenos
  7737 | D:6      | Reached XP level 9. HP: 56/64 MP: 9/9
  8332 | D:7      | Found a deep blue altar of Sif Muna.
  8336 | D:7      | Reached skill level 9 in Long Blades
  8454 | D:7      | Found a white marble altar of Elyvilon.
  8454 | D:7      | Found a runed door.
  8454 | D:7      | Noticed an angel
  8941 | D:8      | Reached ** piety under Dithmenos
  9739 | D:9      | Reached skill level 10 in Long Blades
  9739 | D:9      | Reached XP level 10. HP: 37/74 MP: 4/10
 10611 | D:9      | Reached skill level 10 in Fighting
 10631 | D:9      | Reached *** piety under Dithmenos
 10889 | D:9      | Reached skill level 11 in Long Blades
 11369 | D:10     | Entered Level 10 of the Dungeon
 11412 | D:10     | Reached **** piety under Dithmenos
 11478 | D:10     | Noticed Grum
 11667 | D:9      | Killed Grum
 11948 | D:10     | Found a staircase to the Orcish Mines.
 12016 | D:10     | Reached XP level 11. HP: 67/83 MP: 8/11
 12205 | D:10     | Noticed a hill giant
 12386 | D:10     | Noticed Nergalle
 12399 | D:10     | Noticed Erolcha
 12401 | D:10     | Killed Nergalle
 12411 | D:10     | Killed Erolcha
 12411 | D:10     | Reached skill level 12 in Long Blades
 12765 | D:10     | Found Alotazxie's Assorted Antiques.
 12774 | D:10     | Bought 3 scrolls labeled NAESSUIVVE for 111 gold pieces
 12774 | D:10     | Bought an orange potion for 33 gold pieces
 12774 | D:10     | Bought a scroll of identify for 74 gold pieces
 12774 | D:10     | Bought a scroll labeled GEBBUY MAYXAU for 37 gold pieces
 14117 | D:11     | Noticed a cyan ugly thing
 14118 | D:11     | Noticed a hill giant
 14184 | D:11     | Killed a cyan ugly thing
 14185 | D:11     | Noticed a hill giant
 15004 | D:10     | Killed a hill giant
 15394 | D:10     | Reached skill level 13 in Long Blades
 15614 | D:11     | Noticed an unseen horror
 15636 | D:11     | Killed an unseen horror
 15636 | D:11     | Reached XP level 12. HP: 23/92 MP: 3/12
 16148 | D:11     | Found a staircase to the Lair.
 16650 | Lair:1   | Entered Level 1 of the Lair of Beasts
 16711 | Lair:1   | Reached ***** piety under Dithmenos
 17706 | Lair:2   | Reached skill level 14 in Long Blades
 17966 | Lair:2   | Found a dark tunnel.
 18006 | Volcano  | Entered a volcano
 18451 | Volcano  | HP: 1/142 [molten gargoyle/bolt of magma (14)]
 18452 | Volcano  | Mangled by a molten gargoyle

Skill      XL: |  1  2  3  4  5  6  7  8  9 10 11 12 |
---------------+-------------------------------------+-----
Long Blades    | 3 4 5 6 8 10 11 13 14 | 14.0
Shields        | 4 5 |  5.9
Fighting       | 4 5 7 9 11 12 13 | 13.7
Dodging        | |  3.7

Action                   |  1- 3 |  4- 6 |  7- 9 | 10-12 || total
-------------------------+-------+-------+-------+-------++-------
Melee: Long sword        |    56 |    50 |   149 |   539 ||   794
       Constrict         |    12 |    28 |    63 |    94 ||   197
       Tentacles         |     8 |    18 |    62 |   129 ||   217
       Dagger            |       |    61 |   113 |       ||   174
 Fire: Blowgun           |       |       |     6 |    42 ||    48
Throw: Stone             |       |    12 |    10 |       ||    22
       Tomahawk          |       |       |    13 |    20 ||    33
  Use: Potion            |       |     4 |     3 |     9 ||    16
       Scroll            |       |       |    13 |     6 ||    19
 Stab: Sleeping          |     8 |     4 |    11 |    15 ||    38
       Distracted        |       |       |       |     1 ||     1
  Eat: Chunk             |     1 |     8 |    17 |    23 ||    49
       Beef jerky        |       |       |     1 |     1 ||     2
       Royal jelly       |       |       |       |     3 ||     3
Armor: Skin              |     1 |     4 |     5 |    12 ||    22
Dodge: Dodged            |    22 |    41 |    67 |   183 ||   313
Block: Shield            |    23 |    43 |   106 |   222 ||   394
